 Dungeon Crawl Stone Soup version 0.27-a0-887-gcab673c142 (webtiles) character file.

Game seed: 7594049754130552648

4 Hot the Sneak (level 1, -1/14 HPs)
             Began as an Octopode Brigand on Apr 4, 2021.
             Slain by a kobold
             ... wielding a +0 short sword
              (5 damage)
             ... on level 1 of the Dungeon.
             The game lasted 00:01:30 (70 turns).

Hot the Sneak (Octopode Brigand)                      Turns: 70, Time: 00:01:30

Health: -1/14      AC:  1    Str: 10    XL:     1   Next: 60%
Magic:  1/1        EV: 12    Int: 13    God:
Gold:   22         SH:  0    Dex: 13    Spells: 0/0 levels left

rFire    . . .     SeeInvis .   a - +2 dagger
rCold    . . .     Faith    .   (no shield)
rNeg     . . .     Spirit   .   (helmet restricted)
rPois    .         Reflect  .   (no amulet)
rElec    .         Harm     .   (no ring)
rCorr    .         Rampage  .   (no ring)
Will     .....                  (no ring)
Stlth    ++++......             (no ring)
HPRegen  0.04/turn              (no ring)
MPRegen  0.07/turn              (no ring)
                                (no ring)
                                (no ring)

@: no status effects
A: almost no armour, amphibious, 8 rings, camouflage 1, gelatinous body 1,
(nimble swimmer 1), tentacles
a: no special abilities


You were on level 1 of the Dungeon.
You visited 1 branch of the dungeon, and saw 1 of its levels.

You collected 22 gold pieces.

Inventory:

Hand Weapons
 a - a +2 dagger (weapon)
Missiles
 b - 8 poisoned darts (quivered)
 c - 2 curare-tipped darts


   Skills:
 + Level 2.0 Fighting
 + Level 2.0 Short Blades
 + Level 2.0 Throwing
 + Level 1.0 Dodging
 + Level 5.6 Stealth


You couldn't memorise any spells.
You didn't know any spells.
Your spell library was empty.

Dungeon Overview and Level Annotations

Branches:
Dungeon (1/15)

Altars:


Innate Abilities, Weirdness & Mutations

You cannot wear most types of armour.
You are amphibious.
You can wear up to eight rings at the same time.
Your skin changes colour to match your surroundings (Stealth+).
Your rubbery body absorbs attacks. (AC +1, EV +1)
((You are camouflaged near water. (Stealth+)))
You have tentacles for arms and can constrict up to eight enemies at once.


Message History

You impale the ball python!!
You kill the ball python!
You closely miss the kobold. Your grab misses the kobold.
You barely miss the kobold. Your grab misses the kobold.
The kobold hits you with a +0 short sword.
You hit the kobold. You grab the kobold.
The kobold is moderately wounded.
You constrict the kobold.
You kill the kobold!
You now have 22 gold pieces (gained 9).
A rat, a goblin, a hobgoblin and a kobold come into view.
The ball python hisses angrily.
Things that are here:
a +0 short sword; a kobold corpse; a ball python corpse You hit the ball python.
You grab the ball python.
The ball python is heavily wounded.
You constrict the ball python. The ball python misses you.
The ball python grabs you. The ball python constricts you.
You hit the ball python.
You kill the ball python!
You see here a ball python corpse.
You see here a ball python corpse.
You see here a ball python corpse.
A kobold comes into view. It is wielding a +0 short sword.
Found 15 gold pieces.
A rat comes into view.
The kobold shouts!
You hear a shout!
A bat comes into view.
The kobold hits you with a +0 short sword.
You closely miss the bat. You grab the bat. You constrict the bat.
The bat hits you. The bat closely misses you.
The bat struggles to escape constriction.
You release your grip on the bat.
The bat hits you.
* * * LOW HITPOINT WARNING * * *
The bat misses you.
You hit the bat.
You kill the bat!
You barely miss the kobold. You grab the kobold. You constrict the kobold.
The kobold hits you with a +0 short sword.
You die...

...............##
...#..#.<.#..#...#
##...............##
#....#.#.#.#...#..#
##...........#...##
#.....#....#......#
##.......#.......##
#......#..........#
####@........†.....##
#.rK#.#.#.#.#.#.#.#..
##.#.###############)#
#..†.# . ...g.....
#.#..##.... .....$...
#.#........ g........
#....##.... .........
#...## ### .........
#...# ###......


You could see a kobold and a rat.

Vanquished Creatures
  A bat (D:1)
  2 ball pythons (D:1)
  A kobold (D:1)
4 creatures vanquished.

Notes
Turn   | Place    | Note
-------+----------+-------------------------------------------
     0 | D:1      | Hot the Octopode Brigand began the quest for the Orb.
     0 | D:1      | Reached XP level 1. HP: 14/14 MP: 1/1
    70 | D:1      | Slain by a kobold

Illustrated notes

Levels and vault maps discovered:
D:1:      co_arrival_square_in_a_square_in_a_square, layout_rooms

Action                   || total
-------------------------++-------
Melee: Dagger            ||     9
       Constrict         ||     4
 Stab: Sleeping          ||     1
Dodge: Dodged            ||     3

Table legend: (Time is in decaauts)
 A = Elapsed time spent in this place.
 B = Non-inter-level travel time spent in this place.
 C = Inter-level travel time spent in this place.
 D = Time resting spent in this place.
 E = Time spent auto-exploring this place.
 F = Levels seen in this place.
 G = Mean time per level.
                   A        B        C        D        E       F      G
               +--------+--------+--------+--------+--------+-----+--------+
         Total |     69 |     69 |      0 |      0 |      8 |   1 |   69.0 |
       Dungeon |     69 |     69 |      0 |      0 |      8 |   1 |   69.0 |
               +--------+--------+--------+--------+--------+-----+--------+

Top non-repeatable levels by time:
     D:1: 69 daAuts
